 Dungeon Crawl Stone Soup version 0.20.0 (webtiles) character file.

47 Minorbread the Slasher (level 3, -8/28 HPs)
             Began as a Demonspawn Gladiator on June 19, 2017.
             Mangled by a gnoll
             ... wielding a +0 halberd
              (10 damage)
             ... on level 2 of the Dungeon.
             The game lasted 00:02:09 (1031 turns).

Minorbread the Slasher (Demonspawn Gladiator)       Turns: 1031, Time: 00:02:10

Health: -8/28      AC:  7    Str: 15    XL:     3   Next: 48%
Magic:  3/3        EV: 10    Int:  9    God:
Gold:   89         SH:  4    Dex: 14    Spells: 2/2 levels left

rFire    . . .     SeeInvis .   a - +0 long sword
rCold    . . .     Gourm    .   (no shield)
rNeg     . . .     Faith    .   g - +0 scale mail
rPois    .         Spirit   .   c - +0 helmet
rElec    .         Reflect  .   (no cloak)
rCorr    .         Harm     .   (no gloves)
MR       .....                  (no boots)
Stlth    ..........             (no amulet)
Regen    0.1/turn               (no ring)
MPRegen  0.1/turn               (no ring)

@: no status effects
A: large bone plates 1, powered by death 1
a: no special abilities


You were on level 2 of the Dungeon.
You were not hungry.

You visited 1 branch of the dungeon, and saw 2 of its levels.

You collected 89 gold pieces.

Inventory:

Hand Weapons
 a - a +0 long sword (weapon)
Missiles
 d - 4 throwing nets (quivered)
Armour
 c - a +0 helmet (worn)
 g - a +0 scale mail (worn)
Scrolls
 b - 2 scrolls of enchant armour {unknown}
 e - 2 scrolls of identify {unknown}
 i - a scroll of remove curse {unknown}
 j - a scroll of noise {unknown}
 o - a scroll of blinking {unknown}
Potions
 k - a potion of resistance {unknown}
 l - 2 potions of flight {unknown}
 m - a potion of invisibility {unknown}
 n - a potion of degeneration {unknown}
Comestibles
 f - a bread ration
 h - 3 fruits


   Skills:
 + Level 2.8 Fighting
 * Level 3.6 Long Blades
 - Level 1.7 Throwing
 - Level 2.6 Dodging


You had 2 spell levels left.
You didn't know any spells.

Dungeon Overview and Level Annotations

Branches:
Dungeon (2/15)

Altars:
Hepliaklqana


Innate Abilities, Weirdness & Mutations

You are partially covered in large bone plates. (SH +4)
You regenerate a little health from kills.


Message History

Unknown command.
You are too injured to fight recklessly!
You are too injured to fight recklessly!
You are too injured to fight recklessly!
You are too injured to fight recklessly!
You completely miss the gnoll.
The gnoll is almost dead.
The gnoll hits you with a halberd.
* * * LOW HITPOINT WARNING * * *
The gnoll closely misses you.
You closely miss the gnoll.
The gnoll is almost dead.
The gnoll hits you with a halberd.
* * * LOW HITPOINT WARNING * * *
The gnoll hits you with a halberd.
* * * LOW HITPOINT WARNING * * *
Your scale mail prevents you from hitting the gnoll.
The gnoll is almost dead.
The gnoll hits you with a halberd!
You die...

#....)..# #(##
.######......## #...
............#####..#
.........#.......... #
.######.<#.#######.. #.
#####..#.#### #..
###..##........[..# #..
........###..#.##.####..
.##.##.@###..#..........
#gg##....###.###.#.
#..###.#.# #.# #.#. #..#
#...# #.# #.#. #..#
###.# #.# #... ...#
###.###.###.## ##.#
#...........##
#.###.....#.###.##
.........####..


You could see 2 gnolls.

Vanquished Creatures
  2 gnolls
  An ooze (D:1)
  2 leopard geckos (D:1)
  A ball python (D:1)
  3 hobgoblins (D:1)
  3 jackals (D:1)
  2 kobolds (D:1)
  A frilled lizard (D:1)
  2 goblins (D:1)
  5 rats (D:1)
22 creatures vanquished.

Notes
Turn   | Place    | Note
-------+----------+-------------------------------------------
     0 | D:1      | Minorbread the Demonspawn Gladiator began the quest for the Orb.
     0 | D:1      | Reached XP level 1. HP: 16/16 MP: 1/1
    21 | D:1      | Reached skill level 3 in Long Blades
    21 | D:1      | Gained mutation: You are partially covered in large bone plates. (SH +4) [demonic ancestry]
    21 | D:1      | Reached XP level 2. HP: 6/22 MP: 2/2
   585 | D:1      | Gained mutation: You regenerate a little health from kills. [demonic ancestry]
   585 | D:1      | Reached XP level 3. HP: 28/28 MP: 3/3
   888 | D:2      | Found a hazy altar of Hepliaklqana.
  1031 | D:2      | Mangled by a gnoll

Skill      XL: |  1 |
---------------+----+-----
Long Blades    | 3 |  3.6
Fighting       | |  2.8
Throwing       | |  1.7
Dodging        | |  2.6

Action                   || total
-------------------------++-------
Melee: Long sword        ||    64
Throw: Throwing net      ||     2
Armor: Scale mail        ||    16
       Ring mail         ||     2
Dodge: Dodged            ||    39
Block: Other             ||    14
       Rpst.: Long sword ||    15
